 Dungeon Crawl Stone Soup version 0.18.1-47-g9310371 (webtiles) character file.

30613 Reyan the Prestidigitator (level 13, 0/121 HPs)
             Began as a Deep Dwarf Fighter on June 18, 2016.
             Was the Champion of Okawaru.
             Slain by a shock serpent (12 damage)
             ... on level 2 of the Snake Pit.
             The game lasted 02:56:06 (14343 turns).

Reyan the Prestidigitator (Deep Dwarf Fighter)     Turns: 14343, Time: 02:56:08

Health: 0/121      AC: 19    Str: 20    XL:     13   Next: 21%
Magic:  1/10       EV: 16    Int: 14    God:    Okawaru [******]
Gold:   1093       SH: 13    Dex: 21    Spells: 0 memorised, 16 levels left

rFire  + + .     SeeInvis .     S - +7 broad axe of the Maze {speed, *Corrode rPois rC+ Dex+4}
rCold  + . .     Gourm    .     L - +1 ring mail of the Lair of Beasts {+Fly rF+ Dex+2 Slay+3}
rNeg   . . .     Faith    .     c - +1 shield
rPois  +         Spirit   .     D - +2 helmet
rElec  .         Dismiss  .     I - +2 cloak {+Inv}
rCorr  .         Reflect  .     E - +0 pair of gloves {Dex+3}
SustAt .         Harm     .     u - +1 pair of boots
MR     ++...                    (no amulet)
Stlth  +.........               G - ring of protection from magic
                                y - +2 ring of slaying

@: non-regenerating, studying Poison Magic, very resistant to hostile
enchantments, very unstealthy
A: damage resistance, recharge devices, fire resistance 1, sense surroundings 2,
slow regeneration 3
a: Device Recharging, Heroism, Finesse, Renounce Religion, Evoke Invisibility,
Evoke Flight


You were on level 2 of the Snake Pit.
You worshipped Okawaru.
Okawaru was exalted by your worship.
You were not hungry.

You visited 3 branches of the dungeon, and saw 16 of its levels.
You also visited: Ossuary.

You collected 1093 gold pieces.

Inventory:

Hand Weapons
 l - the +8 hand axe of Distant Worlds {chop, Int+3}
   (You found it on level 4 of the Dungeon)

   It inflicts extra damage upon your enemies.
   It affects your intelligence (+3).
 t - a +3 war axe of flaming
 z - a +0 arbalest of freezing
 A - a +2 eveningstar of protection
 K - a +2 dagger of chaos
 P - the +7 spear of Pyromania {elec, rPois rF+ MR+, unknown}
   (You took it off an orc on level 9 of the Dungeon)

   Occasionally, upon striking a foe, it will discharge some electrical energy
   and cause terrible harm.
   It protects you from fire.
   It protects you from poison.
   It affects your resistance to hostile enchantments.
 S - the +7 broad axe of the Maze (weapon) {speed, *Corrode rPois rC+ Dex+4}
   (Okawaru gifted it to you on level 7 of the Dungeon)

   Attacks with this weapon are significantly faster.
   It affects your dexterity (+4).
   It protects you from cold.
   It protects you from poison.
   It may corrode you when you take damage.
 Y - a +1 whip of venom
Missiles
 g - 5 javelins of penetration (quivered)
 m - 61 poisoned needles
 o - 123 arrows
 w - 130 bolts
Armour
 c - a +1 shield (worn)
 u - a +1 pair of boots (worn)
 C - a steam dragon hide
 D - a +2 helmet (worn)
 E - a +0 pair of gloves of dexterity (worn)
 I - a +2 cloak of invisibility (worn)
 L - the +1 ring mail of the Lair of Beasts (worn) {+Fly rF+ Dex+2 Slay+3}
   (You found it on level 1 of the Lair of Beasts)

   It affects your dexterity (+2).
   It affects your accuracy and damage with ranged weapons and melee attacks
   (+3).
   It protects you from fire.
   It lets you fly.
 O - a +0 plate armour
Magical Staves
 V - an uncursed staff of conjuration {unknown}
 Z - an uncursed staff of cold {unknown}
Rods
 U - a +0 rod of clouds (12/12)
   (You found it on level 8 of the Dungeon)
Jewellery
 i - an uncursed ring of protection from magic
 y - a +2 ring of slaying (left hand)
 F - an uncursed ring of fire
 G - a ring of protection from magic (right hand)
 M - an uncursed ring of see invisible
Wands
 b - a wand of flame (34/48)
 e - a wand of heal wounds (2/9)
 p - a wand of iceblast (5/15)
 B - a wand of acid (6/15)
 R - a wand of polymorph (17/24)
Scrolls
 n - 3 scrolls of identify
 r - 2 scrolls of enchant weapon
 v - 2 scrolls of amnesia
 J - 3 scrolls of remove curse
 X - a scroll of enchant armour
Potions
 d - 4 potions of might
 h - 4 potions of curing
 H - 2 potions of berserk rage
 W - 2 potions of magic
Books
 k - a book of the Warp

   Spells                             Type                      Level
   a - Recall                         Summoning/Translocation      3
   b - Gell's Gravitas                Hexes/Translocation          3
   c - Force Lance                    Conjuration/Translocation    4
   d - Warp Weapon                    Charms/Translocation         5
   e - Summon Forest                  Summoning/Translocation      5
 N - a book of Transfigurations

   Spells                             Type                      Level
   a - Irradiate                      Conjuration/Transmutation    5
   b - Statue Form                    Transmutation/Earth          6
   c - Hydra Form                     Transmutation                6
   d - Dragon Form                    Transmutation                7
 T - a manual of Poison Magic
Miscellaneous
 a - a disc of storms
Comestibles
 f - 10 bread rations
 j - a royal jelly
 q - 6 slices of pizza
 s - 6 meat rations
 x - 7 beef jerkies
 Q - 3 chunks of flesh


   Skills:
 - Level 9.0 Fighting
 + Level 11.2(11.4) Axes
 - Level 2.4(7.1) Maces & Flails
 + Level 11.3 Armour
 + Level 8.0 Dodging
 + Level 8.4 Shields
 - Level 2.3 Spellcasting
 + Level 13.5 Evocations


You had 16 spell levels left.
You didn't know any spells.

Dungeon Overview and Level Annotations

Branches:
Dungeon (9/15)             Temple (0/1) D:5            Lair (5/8) D:9
 Shoals (0/4) Lair:4        Snake (2/4) Lair:5          Orc (0/2) D:9

Altars:
Ashenzari
Dithmenos
Elyvilon
Gozag
Okawaru
Qazlal
Ru
Vehumet
The Shining One

Shops:
D:5 }   Snake:1 %


Innate Abilities, Weirdness & Mutations

You are resistant to damage.
You can recharge devices by infusing magical energy.
You passively map the area around you.
You do not regenerate naturally.
Your flesh is heat resistant.


Message History

The shock serpent is moderately wounded.
The bolt of acid misses the black mamba.
The bolt of acid hits the black mamba.
The acid corrodes the black mamba!
The black mamba is severely wounded.
Evoking this partially-identified wand wasted a few charges.
The shock serpent's electric aura discharges, shocking you!
The shock serpent completely misses you.
You slash the shock serpent!
The shock serpent is heavily wounded.
The shock serpent's electric aura discharges, shocking you!
The shock serpent bites you. The shock serpent shocks you!
* * * LOW HITPOINT WARNING * * *
You slash the shock serpent!
The shock serpent is severely wounded.
The shock serpent's electric aura discharges, shocking you!
* * * LOW HITPOINT WARNING * * *
The shock serpent bites you!
* * * LOW HITPOINT WARNING * * *
The shock serpent shocks you!
You die...

, * #..'......... , * ,,
#.. , #..##........ , * .
*##.. *,, #####........ ,*
, ..##..., *#####........
,....... , , #..##........
* * ....... #..'.........
, **
#....S*#####..##........ ,
##...SS##..##.###........
,,
,.....SNS@..##'###........
,,
......S##..##..##........
,, ,.......
#..##..##........ ,
.......*#..##..##........
,,.......
#..##..'......... , ,
....... #..##..##.<......
, ,.......
#......##........ ,
....... #......##........
, ,,, #......##........


You could see a naga ritualist, a shock serpent, 2 mana vipers and 2 black
mambas.

Vanquished Creatures
  A greater naga (Snake:1)
  3 hydras
  A queen ant (Lair:1)
  5 death yaks (Lair:4)
  2 naga sharpshooters (Snake:2)
  4 shock serpents
  A salamander (Snake:1)
  A siren (Lair:4)
  Maurice (D:8)
  9 black mambas
  4 naga magi (Snake:1)
  Psyche (D:8)
  5 komodo dragons
  Grinder (D:5)
  Prince Ribbit (D:5)
  5 blink frogs (Lair:5)
  A wyvern (D:7)
  A hog (D:7)
  24 yaks
  A human (D:7)
  A hippogriff (Lair:1)
  3 nagas
  8 soldier ants (Lair:1)
  6 porcupines
  4 water moccasins
  4 orc warriors
  A phantom (D:5)
  A sky beast (D:9)
  3 ice beasts
  A black bear (Lair:1)
  4 ogres
  2 necrophages
  3 centaurs
  4 crocodiles
  7 giant frogs
  A gnoll sergeant (D:5)
  A scorpion (D:9)
  4 killer bees (D:9)
  6 wights
  A vampire bat (D:5)
  A howler monkey (D:5)
  4 crimson imps
  A centaur zombie (Ossuary)
  12 orc wizards
  4 hounds
  A quasit (D:8)
  8 orc priests
  A jelly (D:5)
  2 giant frog skeletons
  5 iguanas
  Crazy Yiuf (D:5)
  Natasha (D:3)
  25 worker ants
  17 sheep
  A big kobold zombie (Ossuary)
  A hound zombie (D:5)
  A hound skeleton (D:8)
  2 mummies (Ossuary)
  20 gnolls
  13 adders
  36 river rats
  An ooze (D:1)
  An adder zombie (D:6)
  3 worms
  A dart slug (D:1)
  3 giant geckos
  45 orcs
  13 bats
  3 giant cockroaches (D:1)
  9 goblins
  18 hobgoblins
  A jackal (D:1)
  13 kobolds
  2 quokkas
  4 ball pythons
  A giant gecko zombie (D:5)
  2 giant newts
  2 gnoll zombies (Ossuary)
  4 goblin zombies (Ossuary)
  A hobgoblin zombie (Ossuary)
  5 orc zombies (Ossuary)
  8 rats
  A bush (Lair:2)
  7 fungi
  8 plants
450 creatures vanquished.

Vanquished Creatures (others)
  A kobold (D:1)
  3 fungi
4 creatures vanquished.

Grand Total: 454 creatures vanquished

Notes
Turn   | Place    | Note
--------------------------------------------------------------
     0 | D:1      | Reyan the Deep Dwarf Fighter began the quest for the Orb.
     0 | D:1      | Reached XP level 1. HP: 20/20 MP: 1/1
   251 | D:1      | Reached XP level 2. HP: 27/27 MP: 2/2
  1236 | D:2      | Reached XP level 3. HP: 34/34 MP: 3/3
  1375 | D:2      | Reached skill level 1 in Maces & Flails
  1381 | D:2      | Found a radiant altar of Vehumet.
  1446 | D:2      | Found an iron altar of Okawaru.
  1472 | D:2      | Reached skill level 1 in Evocations
  1487 | D:2      | Reached XP level 4. HP: 13/42 MP: 4/4
  1533 | D:2      | Became a worshipper of Warmaster Okawaru
  1720 | D:2      | You fall through a shaft for 2 floors!
  1942 | D:4      | Noticed a centaur
  1962 | D:4      | Killed a centaur
  1962 | D:4      | Reached skill level 2 in Evocations
  1962 | D:4      | Reached XP level 5. HP: 29/50 MP: 6/6
  2152 | D:4      | Found a sand-covered staircase.
  2157 | Ossuary  | Entered an ossuary
  2235 | Ossuary  | Reached * piety under Okawaru
  2235 | Ossuary  | Reached skill level 3 in Evocations
  2255 | Ossuary  | Reached XP level 6. HP: 27/58 MP: 8/8
  2578 | D:4      | Got a bloodstained hand axe
  2579 | D:4      | Identified the +8 hand axe of Distant Worlds {chop, Int+3} (You found it on level 4 of the Dungeon)
  3474 | D:3      | Noticed Natasha
  3482 | D:3      | Killed Natasha
  3594 | D:2      | Reached skill level 5 in Fighting
  4096 | D:4      | Reached XP level 7. HP: 11/67 MP: 9/9
  4212 | D:5      | Entered Level 5 of the Dungeon
  4219 | D:5      | Found a staircase to the Ecumenical Temple.
  4327 | D:5      | Reached skill level 5 in Armour
  4401 | D:5      | Found a shattered altar of Ashenzari.
  4446 | D:5      | Reached ** piety under Okawaru
  4638 | D:5      | Found Gumnesik's Gadget Emporium.
  4641 | D:5      | Found a sacrificial altar of Ru.
  4666 | D:5      | Noticed Grinder
  4668 | D:5      | Paralysed by Grinder for 7 turns
  4680 | D:5      | Killed Grinder
  4680 | D:5      | Reached XP level 8. HP: 43/76 MP: 9/9
  4736 | D:5      | Noticed Prince Ribbit
  4764 | D:5      | Reached skill level 5 in Shields
  4831 | D:5      | Killed Prince Ribbit
  4831 | D:5      | Reached *** piety under Okawaru
  4831 | D:5      | Reached skill level 5 in Axes
  4831 | D:5      | Reached skill level 1 in Spellcasting
  4860 | D:5      | Found a white marble altar of Elyvilon.
  5100 | D:5      | Noticed Crazy Yiuf
  5110 | D:5      | Killed Crazy Yiuf
  5184 | D:6      | Got a dazzling ring mail
  5185 | D:6      | Identified the cursed +1 ring mail of the Lobster {rC+} (You found it on level 6 of the Dungeon)
  5355 | D:6      | Gained mutation: You passively map the area around you. [Deep Dwarf growth]
  5355 | D:6      | Reached XP level 9. HP: 32/85 MP: 11/11
  5376 | D:6      | Reached skill level 4 in Evocations
  5976 | D:6      | Found a glowing golden altar of the Shining One.
  6117 | D:7      | Reached **** piety under Okawaru
  6170 | D:7      | Reached skill level 5 in Evocations
  6239 | D:7      | Reached skill level 6 in Evocations
  6267 | D:7      | Reached XP level 10. HP: 38/96 MP: 11/11
  6344 | D:7      | Found a shadowy altar of Dithmenos.
  6433 | D:7      | Reached ***** piety under Okawaru
  6700 | D:7      | Reached skill level 7 in Evocations
  6957 | D:7      | Received a gift from Okawaru
  6957 | D:7      | Reached skill level 8 in Evocations
  6958 | D:7      | Got a steaming broad axe {god gift}
  6977 | D:7      | Identified the +7 broad axe of the Maze {speed, *Corrode rPois rC+ Dex+4} (Okawaru gifted it to you on level 7 of the Dungeon)
  7763 | D:8      | Noticed Maurice
  7778 | D:8      | Killed Maurice
  7778 | D:8      | Reached skill level 9 in Evocations
  7831 | D:8      | Found a stormy altar of Qazlal.
  7954 | D:8      | Noticed Psyche
  7979 | D:8      | Killed Psyche
  8727 | D:9      | Found a staircase to the Orcish Mines.
  8777 | D:9      | Got a translucent spear {elec}
  8933 | D:9      | Found an opulent altar of Gozag.
  9011 | D:9      | Found a staircase to the Lair.
  9214 | Lair:1   | Entered Level 1 of the Lair of Beasts
  9228 | Lair:1   | Reached skill level 10 in Evocations
  9242 | Lair:1   | Received a gift from Okawaru
  9390 | Lair:1   | Reached XP level 11. HP: 35/104 MP: 13/13
  9394 | Lair:1   | Found a radiant altar of Vehumet.
  9784 | Lair:1   | Reached skill level 1 in Dodging
  9904 | Lair:1   | Noticed a queen ant
  9924 | Lair:1   | Killed a queen ant
 10078 | Lair:1   | Got an ichor-stained ring mail
 10089 | Lair:1   | Identified the cursed +1 ring mail of the Lair of Beasts {+Fly rF+ Dex+2 Slay+3} (You found it on level 1 of the Lair of Beasts)
 10399 | Lair:2   | Reached skill level 11 in Evocations
 11489 | Lair:3   | Received a gift from Okawaru
 11767 | Lair:3   | Noticed a five-headed hydra
 11786 | Lair:3   | Killed a two-headed hydra
 12254 | Lair:4   | Noticed a five-headed hydra
 12255 | Lair:4   | Reached skill level 5 in Dodging
 12263 | Lair:4   | Killed a one-headed hydra
 12263 | Lair:4   | Reached XP level 12. HP: 53/114 MP: 12/12
 12508 | Lair:4   | Noticed a death yak
 12509 | Lair:4   | Noticed a death yak
 12509 | Lair:4   | Noticed a death yak
 12510 | Lair:4   | Noticed a death yak
 12510 | Lair:4   | Noticed a death yak
 12525 | Lair:4   | Killed a death yak
 12525 | Lair:4   | Received a gift from Okawaru
 12525 | Lair:4   | Reached skill level 10 in Armour
 12525 | Lair:4   | Reached skill level 12 in Evocations
 12530 | Lair:4   | Killed a death yak
 12530 | Lair:4   | Reached skill level 10 in Axes
 12540 | Lair:4   | Killed a death yak
 12540 | Lair:4   | Received a gift from Okawaru
 12543 | Lair:4   | Killed a death yak
 12554 | Lair:4   | Killed a death yak
 12666 | Lair:4   | Noticed a seven-headed hydra
 12675 | Lair:4   | Killed a three-headed hydra
 12964 | Lair:4   | Found a staircase to the Shoals.
 13160 | Lair:5   | Gained mutation: Your flesh is heat resistant. [potion of beneficial mutation]
 13215 | Lair:5   | Found a staircase to the Snake Pit.
 13292 | Snake:1  | Entered Level 1 of the Snake Pit
 13349 | Snake:1  | Reached ****** piety under Okawaru
 13349 | Snake:1  | Received a gift from Okawaru
 13402 | Snake:1  | Noticed a greater naga
 13427 | Snake:1  | Reached skill level 13 in Evocations
 13447 | Snake:1  | Killed a greater naga
 13842 | Snake:1  | Found Quuham's Food Shoppe.
 13916 | Snake:1  | Reached XP level 13. HP: 48/121 MP: 11/11
 14080 | Snake:1  | You fall through a shaft!
 14343 | Snake:2  | Slain by a shock serpent

Skill      XL: |  1  2  3  4  5  6  7  8  9 10 11 12 13 |
---------------+----------------------------------------+-----
Fighting       | 3 4 5 6 7 8 9 |  9.0
Maces & Flails | 1 2 |  2.4
Evocations     | 1 2 3 6 10 11 13 | 13.5
Armour         | 4 5 6 7 8 9 11 | 11.3
Axes           | 3 4 5 6 8 9 11 | 11.2
Shields        | 4 5 6 8 |  8.4
Spellcasting   | 2 |  2.3
Dodging        | 5 7 8 |  8.0

Action                   |  1- 3 |  4- 6 |  7- 9 | 10-12 | 13-15 || total
-------------------------+-------+-------+-------+-------+-------++-------
Melee: War axe           |    21 |       |       |    16 |       ||    37
       Mace              |    66 |   139 |       |       |       ||   205
       Hand axe          |       |   113 |   328 |    58 |       ||   499
       Broad axe         |       |       |       |   682 |    40 ||   722
Invok: Heroism           |       |       |       |     1 |       ||     1
 Abil: Device Recharging |       |       |     3 |     8 |     2 ||    13
Evoke: Wand              |       |     4 |    12 |    34 |     9 ||    59
  Use: Scroll            |       |     8 |     5 |    17 |       ||    30
       Potion            |       |     2 |     1 |    11 |       ||    14
 Stab: Sleeping          |       |       |       |     1 |       ||     1
  Eat: Chunk             |     2 |     5 |     5 |    18 |       ||    30
       Fruit             |       |     1 |       |     2 |       ||     3
       Meat ration       |       |     1 |       |       |       ||     1
       Pizza             |       |       |       |     5 |       ||     5
Armor: Scale mail        |    46 |    65 |       |       |       ||   111
       Skin              |       |     2 |       |       |       ||     2
       Plate armour      |       |    43 |   172 |   196 |       ||   411
       Ring mail         |       |       |       |    74 |    12 ||    86
Dodge: Dodged            |    32 |    50 |    29 |   163 |    25 ||   299
Block: Shield            |    53 |   147 |   204 |   383 |    27 ||   814
